Sabres vs Penguins

Created - 28 octobre 2016 at 22:51

Goals
1 2 3 T
Sabres 1 1 2 4
Penguins 1 1 1 3
Shots
1 2 3 T
Sabres 10 19 12 41
Penguins 12 10 12 34

1st period

1. Penguins , Sam Gagner 3 (Nathan Horton) at 1:13
2. Sabres , Evander Kane 2 (Jaromir Jagr, Ryan O'Reilly) at 17:09

Penalties :
Duncan Keith (Pit) for Cross-checking (Minor) at 9:18

2nd period

3. Penguins , Dustin Penner 1 (Brian McGrattan, Brayden Schenn) at 15:40
4. Sabres , Ladislav Nagy 1 (Brandon Sutter, Enver Lisin) at 15:56

Penalties :
Enver Lisin (Buf) for Hooking (Minor) at 19:44

3rd period

5. Sabres , Patrice Cormier 1 (Jason Pominville) at 1:19 (SH)
6. Sabres , Enver Lisin 1 (Andrew Cogliano) at 1:51
7. Penguins , Nikita Alexeev 2 (Josef Vasicek, Sam Gagner) at 15:13

Penalties :
Jordan Leopold (Buf) for Tripping (Minor) at 10:07

Goalie Stats

Robin Lehner (Buf), 31 saves from 34 shots - (0,912), W, 1-2-0, 60:00 minutes
Josh Tordjman (Pit), 37 saves from 41 shots - (0,902), L, 0-1-0, 59:00 minutes

Players Stats for Sabres

Player Name              G  A  P  +/- PIM S  H  SB GA TA FO     MP     PP MP  PK MP  
------------------------------------------------------------------------------------
Andrew Cogliano          0  1  1   0  0   4  1  0  2  0  0/1    19:31   0:00   2:48 
Brandon Sutter           0  1  1   1  0   2  2  0  0  1  12/26  18:38   0:00   2:48 
Enver Lisin              1  1  2   1  2   4  0  0  0  1  0/1    13:59   0:00   0:00 
Evander Kane             1  0  1   0  0   3  2  0  1  2  0/0    16:33   0:59   0:32 
J.T. Miller              0  0  0  -1  0   2  0  0  1  0  10/21  15:58   0:59   0:10 
Jaromir Jagr             0  1  1   0  0   0  1  0  0  2  0/0    16:20   1:00   0:22 
Jason Pominville         0  1  1   0  0   3  2  1  2  0  1/2    17:36   0:59   0:38 
Jordan Leopold           0  0  0  -1  2   2  0  3  0  1  0/0    17:05   0:48   0:27 
Ladislav Nagy            1  0  1   0  0   6  0  0  0  0  0/1    13:52   0:00   0:00 
Matt Irwin               0  0  0   0  0   1  1  1  0  1  0/0    17:30   1:11   0:07 
Michael Haley            0  0  0   0  0   0  2  0  0  0  0/1     8:26   0:00   0:00 
Ole-Kristian Tollefsen   0  0  0   1  0   6  1  3  1  2  0/0    24:39   0:48   1:15 
Patrice Cormier          1  0  1   1  0   1  0  0  0  0  0/2     9:04   0:00   0:38 
Randy Jones              0  0  0   0  0   1  0  6  0  0  0/0    17:58   0:00   2:43 
Rob Scuderi              0  0  0   1  0   0  0  2  0  0  0/0    19:49   0:00   2:43 
Ryan O'Reilly            0  1  1   0  0   2  3  0  0  0  4/14   15:58   1:00   0:00 
Zach Bogosian            0  0  0   1  0   2  3  2  2  0  0/0    23:38   1:11   0:41 
Zack Kassian             0  0  0   0  0   2  0  0  0  1  0/0     9:26   1:00   0:00 

Players Stats for Penguins

Player Name              G  A  P  +/- PIM S  H  SB GA TA FO     MP     PP MP  PK MP  
------------------------------------------------------------------------------------
Bobby Ryan               0  0  0  -1  0   6  0  0  1  0  1/1    21:17   2:25   0:28 
Brayden Schenn           0  1  1  -2  0   0  3  0  0  0  7/10   11:39   0:00   1:00 
Brian McGrattan          0  1  1  -2  0   1  0  1  0  0  0/0    10:39   0:00   0:00 
Derek Joslin             0  0  0   1  0   1  1  1  0  1  0/0    13:25   0:30   0:59 
Dion Phaneuf             0  0  0  -2  0   2  2  3  1  2  0/0    27:34   1:40   1:00 
Duncan Keith             0  0  0   0  2   2  0  3  1  0  0/0    19:01   1:48   0:00 
Dustin Penner            1  0  1  -2  0   3  0  0  0  0  0/0    11:15   0:04   0:31 
Eric Gryba               0  0  0   1  0   0  0  0  0  0  0/0    12:25   0:30   0:00 
Josef Vasicek            0  1  1   1  0   1  2  0  0  0  2/6    10:54   0:00   0:28 
Luke Schenn              0  0  0   0  0   1  3  1  0  3  0/0    20:01   1:48   0:59 
Max Pacioretty           0  0  0  -1  0   2  0  0  1  0  0/1    20:45   2:21   0:00 
Nathan Horton            0  1  1   1  0   1  1  0  1  0  0/0    17:06   1:33   1:00 
Nikita Alexeev           1  0  1   1  0   4  3  0  0  0  0/0    10:26   0:00   0:00 
Sam Gagner               1  1  2   1  0   5  1  0  1  0  10/17  16:38   1:33   0:31 
Sean Zimmerman           0  0  0  -2  0   2  1  3  0  1  0/0    27:34   1:40   1:00 
Simon Gagné              0  0  0   1  0   0  1  0  3  1  0/1    16:06   1:33   0:00 
Steve Sullivan           0  0  0   1  0   0  1  0  1  1  0/0    10:26   0:00   0:00 
Steven Stamkos           0  0  0  -1  0   3  2  2  1  0  22/33  20:49   2:25   0:00 

3 Stars

1 - Sam Gagner (Pit)
2 - Nikita Alexeev (Pit)
3 - Enver Lisin (Buf)

Power Play

Sabres - 0 on 1 Attempt(s) - 0,00%
Penguins - 0 on 2 Attempt(s) - 0,00%

Penalty Kill

Sabres - 2 on 2 Attempt(s) - 100,00% - Score 1 goal in Penalty Kill
Penguins - 1 on 1 Attempt(s) - 100,00% - Score 0 goal in Penalty Kill

Team Stat

Sabres - Hits : 18 - Faceoff Wins : 27 - Blocked Shots : 18 - Penalty Minutes : 4
Penguins - Hits : 21 - Faceoff Wins : 42 - Blocked Shots : 14 - Penalty Minutes : 2

Official

Referees : Dwyer Gord and Kozari Steve
Linesman : Jean Morin and Ryan Galloway

Game Notes

No Game Note

Finance

Level 1 -- Attendance: 6000 (100,00%) -- Ticket Income 462 000 $
Level 2 -- Attendance: 5000 (100,00%) -- Ticket Income 225 000 $
Level 3 -- Attendance: 1840 (92,00%) -- Ticket Income 51 520 $
Level 4 -- Attendance: 3616 (90,40%) -- Ticket Income 72 320 $
Luxury Box -- Attendance: 966 (96,60%) -- Ticket Income 154 560 $
Game was played at the Igloo.
Total Attendance: 17422 (96,79%)
Total Ticket Income: 965 400 $
Other Income: 144 810 $
Total Income: 1 110 210 $

Sabres

5 vs 5 Forward 
   Center                   Left Wing                Right Wing               Time % Phy DF OF 
 1 J.T. Miller              Andrew Cogliano          Jason Pominville         30     1   2  2  
 2 Ryan O'Reilly            Evander Kane             Jaromir Jagr             30     0   3  2  
 3 Brandon Sutter           Ladislav Nagy            Enver Lisin              26     0   3  2  
 4 Patrice Cormier          Michael Haley            Zack Kassian             14     2   3  0  

5 vs 5 Defense 
   Defense                  Defense                                           Time % Phy DF OF 
 1 Ole-Kristian Tollefsen   Zach Bogosian                                     40     1   3  1  
 2 Randy Jones              Jordan Leopold                                    30     1   3  1  
 3 Matt Irwin               Rob Scuderi                                       30     1   3  1  
 4 Ole-Kristian Tollefsen   Rob Scuderi                                       0      1   2  2  

PowerPlay Forward 
   Center                   Left Wing                Right Wing               Time % Phy DF OF 
 1 J.T. Miller              Evander Kane             Jason Pominville         60     1   1  3  
 2 Ryan O'Reilly            Zack Kassian             Jaromir Jagr             40     1   1  3  

PowerPlay Defense
   Defense                  Defense                                           Time % Phy DF OF 
 1 Matt Irwin               Zach Bogosian                                     60     1   2  2  
 2 Ole-Kristian Tollefsen   Jordan Leopold                                    40     1   2  2  

Penalty Kill 4 Players Forward 
   Center                   Wing                     Time % Phy DF OF 
 1 Brandon Sutter           Andrew Cogliano          60     1   4  0  
 2 Patrice Cormier          Jason Pominville         40     1   4  0  

Penalty Kill 4 Players Defense
   Defense                  Defense                  Time % Phy DF OF 
 1 Randy Jones              Rob Scuderi              60     1   4  0  
 2 Ole-Kristian Tollefsen   Jordan Leopold           40     1   4  0  

Penalty Kill - 3 Players Forward 
   Forward                                           Time % Phy DF OF 
 1 Andrew Cogliano                                   60     0   5  0  
 2 Jason Pominville                                  40     0   5  0  

Penalty Kill - 3 Players Defense
   Defense                  Defense                  Time % Phy DF OF 
 1 Randy Jones              Rob Scuderi              60     1   4  0  
 2 Ole-Kristian Tollefsen   Jordan Leopold           40     1   4  0  

4 vs 4 Forward 
   Center                   Wing                     Time % Phy DF OF 
 1 Brandon Sutter           Andrew Cogliano          60     0   2  3  
 2 Ryan O'Reilly            Jason Pominville         40     1   2  2  

4 vs 4 Defense
   Defense                  Defense                  Time % Phy DF OF 
 1 Ole-Kristian Tollefsen   Zach Bogosian            60     1   3  1  
 2 Matt Irwin               Rob Scuderi              40     1   3  1  

Last Minutes Offensive
   Center                   Left Wing                Right Wing               Defense                  Defense                  
   Jason Pominville         Andrew Cogliano          Jaromir Jagr             Ole-Kristian Tollefsen   Zach Bogosian            

Last Minutes Defensive
   Center                   Left Wing                Right Wing               Defense                  Defense                  
   Brandon Sutter           Andrew Cogliano          Jason Pominville         Ole-Kristian Tollefsen   Rob Scuderi              

Goaltenders
Starting : Robin Lehner             
Backup : Jonas Hiller             

Extra Forwards
Normal : Evander Kane, Ryan O'Reilly, J.T. Miller - PP : Zack Kassian, Enver Lisin - PK : Jaromir Jagr
Extra Defensemen
Normal : Zach Bogosian, Rob Scuderi, Randy Jones - PP : Rob Scuderi - PK : Zach Bogosian, Matt Irwin
Penalty Shots
Andrew Cogliano, Jaromir Jagr, Evander Kane, Enver Lisin, Ladislav Nagy

Penguins

5 vs 5 Forward 
   Center                   Left Wing                Right Wing               Time % Phy DF OF 
 1 Steven Stamkos           Max Pacioretty           Bobby Ryan               40     0   2  3  
 2 Sam Gagner               Simon Gagné              Nathan Horton            30     0   2  3  
 3 Brayden Schenn           Dustin Penner            Brian McGrattan          20     0   2  3  
 4 Josef Vasicek            Steve Sullivan           Nikita Alexeev           10     0   2  3  

5 vs 5 Defense 
   Defense                  Defense                                           Time % Phy DF OF 
 1 Sean Zimmerman           Dion Phaneuf                                      45     1   2  2  
 2 Luke Schenn              Duncan Keith                                      33     1   2  2  
 3 Eric Gryba               Derek Joslin                                      22     1   2  2  
 4 Sean Zimmerman           Dion Phaneuf                                      0      1   2  2  

PowerPlay Forward 
   Center                   Left Wing                Right Wing               Time % Phy DF OF 
 1 Steven Stamkos           Max Pacioretty           Bobby Ryan               60     0   1  4  
 2 Sam Gagner               Simon Gagné              Nathan Horton            40     0   1  4  

PowerPlay Defense
   Defense                  Defense                                           Time % Phy DF OF 
 1 Sean Zimmerman           Dion Phaneuf                                      60     0   2  3  
 2 Luke Schenn              Duncan Keith                                      40     0   2  3  

Penalty Kill 4 Players Forward 
   Center                   Wing                     Time % Phy DF OF 
 1 Brayden Schenn           Nathan Horton            60     0   4  1  
 2 Josef Vasicek            Bobby Ryan               40     0   4  1  

Penalty Kill 4 Players Defense
   Defense                  Defense                  Time % Phy DF OF 
 1 Sean Zimmerman           Dion Phaneuf             60     1   4  0  
 2 Luke Schenn              Duncan Keith             40     1   4  0  

Penalty Kill - 3 Players Forward 
   Forward                                           Time % Phy DF OF 
 1 Nathan Horton                                     60     0   4  1  
 2 Bobby Ryan                                        40     0   4  1  

Penalty Kill - 3 Players Defense
   Defense                  Defense                  Time % Phy DF OF 
 1 Sean Zimmerman           Dion Phaneuf             60     1   4  0  
 2 Luke Schenn              Duncan Keith             40     1   4  0  

4 vs 4 Forward 
   Center                   Wing                     Time % Phy DF OF 
 1 Steven Stamkos           Bobby Ryan               60     0   2  3  
 2 Sam Gagner               Nathan Horton            40     0   2  3  

4 vs 4 Defense
   Defense                  Defense                  Time % Phy DF OF 
 1 Sean Zimmerman           Dion Phaneuf             60     1   2  2  
 2 Luke Schenn              Duncan Keith             40     1   2  2  

Last Minutes Offensive
   Center                   Left Wing                Right Wing               Defense                  Defense                  
   Steven Stamkos           Max Pacioretty           Bobby Ryan               Sean Zimmerman           Dion Phaneuf             

Last Minutes Defensive
   Center                   Left Wing                Right Wing               Defense                  Defense                  
   Brayden Schenn           Simon Gagné              Nathan Horton            Sean Zimmerman           Dion Phaneuf             

Goaltenders
Starting : Josh Tordjman            
Backup : Brian Elliott            

Extra Forwards
Normal : Steven Stamkos, Sam Gagner, Brayden Schenn - PP : Steven Stamkos, Sam Gagner - PK : Nathan Horton
Extra Defensemen
Normal : Dion Phaneuf, Duncan Keith, Eric Gryba - PP : Derek Joslin - PK : Sean Zimmerman, Luke Schenn
Penalty Shots
Max Pacioretty, Bobby Ryan, Nathan Horton, Steven Stamkos, Simon Gagné

% Time on Ice - Sabres

Lines # - Real PCT - Wanted PCT - Time Play
Normal Forward
1 - 30% - 30% - 15:37
2 - 28% - 30% - 14:58
3 - 26% - 26% - 13:52
4 - 16% - 14% - 8:26
Normal Defense
1 - 40% - 40% - 21:04
2 - 29% - 30% - 15:30
3 - 30% - 30% - 15:49
4 - 1% - 0% - 0:30
PP Forward
1 - 50% - 60% - 0:59
2 - 50% - 40% - 1:00
PP Defense
1 - 60% - 60% - 1:11
2 - 40% - 40% - 0:48
PK Forward
1 - 84% - 60% - 3:20
2 - 16% - 40% - 0:38
PK Defense
1 - 68% - 60% - 2:43
2 - 32% - 40% - 1:15
PK3 Forward
1 - 0% - 60%
2 - 0% - 40%
PK3 Defense
1 - 0% - 60%
2 - 0% - 40%
44 Forward
1 - 0% - 60%
2 - 0% - 40%
44 Defense
1 - 0% - 60%
2 - 0% - 40%
Last Minute Offensive  - 0:00
Last Minute Defensive  - 1:10
Total
Forward - 60:00
Defense - 60:00

% Time on Ice - Penguins

Lines # - Real PCT - Wanted PCT - Time Play
Normal Forward
1 - 33% - 40% - 17:18
2 - 27% - 30% - 14:33
3 - 20% - 20% - 10:39
4 - 20% - 10% - 10:26
Normal Defense
1 - 46% - 45% - 24:26
2 - 33% - 33% - 17:14
3 - 21% - 22% - 11:16
4 - 0% - 0% - 0:00
PP Forward
1 - 61% - 60% - 2:25
2 - 39% - 40% - 1:33
PP Defense
1 - 55% - 60% - 2:10
2 - 45% - 40% - 1:48
PK Forward
1 - 76% - 60% - 1:31
2 - 24% - 40% - 0:28
PK Defense
1 - 50% - 60% - 1:00
2 - 50% - 40% - 0:59
PK3 Forward
1 - 0% - 60%
2 - 0% - 40%
PK3 Defense
1 - 0% - 60%
2 - 0% - 40%
44 Forward
1 - 0% - 60%
2 - 0% - 40%
44 Defense
1 - 0% - 60%
2 - 0% - 40%
Last Minute Offensive  - 1:07
Last Minute Defensive  - 0:00
Total
Forward - 60:00
Defense - 60:00

Play by Play

1st period


0:01 of 1st period - Steven Stamkos wins face-off versus J.T. Miller in neutral zone.
0:07 of 1st period - Snap shot by Bobby Ryan.
0:07 of 1st period - Deflect By Steven Stamkos.
0:07 of 1st period - Shot Misses the Net.
0:07 of 1st period - Puck is out of play.
0:08 of 1st period - Steven Stamkos wins face-off versus J.T. Miller in Sabres zone.
0:27 of 1st period - Wrist shot by Bobby Ryan.
0:27 of 1st period - Shot Blocked by Zach Bogosian.
0:29 of 1st period - Slapshot by Dion Phaneuf.
0:29 of 1st period - Shot Blocked by Ole-Kristian Tollefsen.
0:35 of 1st period - Wrist shot by Steven Stamkos.
0:35 of 1st period - Shot Misses the Net.
0:37 of 1st period - Slapshot by Sean Zimmerman.
0:37 of 1st period - Stopped by Robin Lehner with a rebound.
0:47 of 1st period - Wrist shot by Bobby Ryan.
0:47 of 1st period - Stopped by Robin Lehner with a rebound.
0:49 of 1st period - Wrist shot by Max Pacioretty.
0:49 of 1st period - Shot Misses the Net.
0:51 of 1st period - Slapshot by Dion Phaneuf.
0:51 of 1st period - Stopped by Robin Lehner with a rebound.
0:53 of 1st period - Slapshot by Dion Phaneuf.
0:53 of 1st period - Shot Misses the Net.
1:07 of 1st period - Snap shot by Bobby Ryan.
1:07 of 1st period - Stopped by Robin Lehner without a rebound.
1:08 of 1st period - Sam Gagner wins face-off versus Ryan O'Reilly in Sabres zone.
1:11 of 1st period - Backhand shot by Sam Gagner.
1:11 of 1st period - Shot Misses the Net.
1:13 of 1st period - Wrist shot by Sam Gagner.
1:13 of 1st period - Goal by Sam Gagner - Sabres : 0 - Penguins : 1.
1:14 of 1st period - Sam Gagner wins face-off versus Brandon Sutter in neutral zone.
1:25 of 1st period - Wrist shot by Sam Gagner.
1:25 of 1st period - Stopped by Robin Lehner with a rebound.
1:29 of 1st period - Snap shot by Sam Gagner.
1:29 of 1st period - Shot Misses the Net.
1:46 of 1st period - Wrist shot by Ryan O'Reilly.
1:46 of 1st period - Shot Misses the Net.
1:56 of 1st period - Duncan Keith is hit by Ryan O'Reilly and loses puck.
2:12 of 1st period - Snap shot by Josef Vasicek.
2:12 of 1st period - Shot Hit the Post.
2:14 of 1st period - Slapshot by Steve Sullivan.
2:14 of 1st period - Shot Blocked by Randy Jones.
2:16 of 1st period - Slapshot by Luke Schenn.
2:16 of 1st period - Stopped by Robin Lehner with a rebound.
2:18 of 1st period - Slapshot by Duncan Keith.
2:18 of 1st period - Shot Blocked by Jordan Leopold.
2:20 of 1st period - Wrist shot by Luke Schenn.
2:20 of 1st period - Shot Blocked by Randy Jones.
3:16 of 1st period - Eric Gryba is hit by Jaromir Jagr and loses puck.
3:55 of 1st period - Snap shot by Ladislav Nagy.
3:55 of 1st period - Stopped by Josh Tordjman without a rebound.
3:56 of 1st period - Sam Gagner wins face-off versus Ryan O'Reilly in Penguins zone.
4:05 of 1st period - Slapshot by Evander Kane.
4:05 of 1st period - Shot Misses the Net.
4:07 of 1st period - Wrist shot by Ryan O'Reilly.
4:07 of 1st period - Stopped by Josh Tordjman with a rebound.
4:09 of 1st period - Slapshot by Zach Bogosian.
4:09 of 1st period - Shot Blocked by Sean Zimmerman.
4:21 of 1st period - Sean Zimmerman is hit by Brandon Sutter and loses puck.
4:30 of 1st period - Matt Irwin is hit by Steven Stamkos and loses puck.
4:47 of 1st period - Snap shot by Brian McGrattan.
4:47 of 1st period - Shot Blocked by Rob Scuderi.
5:20 of 1st period - Icing by Steve Sullivan.
5:21 of 1st period - Ryan O'Reilly wins face-off versus Josef Vasicek in Penguins zone.
5:56 of 1st period - Slapshot by Enver Lisin.
5:56 of 1st period - Shot Misses the Net.
5:58 of 1st period - Slapshot by Brandon Sutter.
5:58 of 1st period - Shot Misses the Net.
6:00 of 1st period - Slapshot by Ole-Kristian Tollefsen.
6:00 of 1st period - Stopped by Josh Tordjman without a rebound.
6:01 of 1st period - Sam Gagner wins face-off versus J.T. Miller in Penguins zone.
6:28 of 1st period - Sean Zimmerman is hit by Ryan O'Reilly and loses puck.
6:57 of 1st period - Slapshot by Zack Kassian.
6:57 of 1st period - Stopped by Josh Tordjman with a rebound.
6:59 of 1st period - Slapshot by Rob Scuderi.
6:59 of 1st period - Deflect By Zack Kassian.
6:59 of 1st period - Shot Blocked by Dion Phaneuf.
6:59 of 1st period - Puck is out of play.
7:00 of 1st period - Brandon Sutter wins face-off versus Sam Gagner in Penguins zone.
7:09 of 1st period - Backhand shot by Zach Bogosian.
7:09 of 1st period - Shot Misses the Net.
7:34 of 1st period - Off-side.
7:35 of 1st period - J.T. Miller wins face-off versus Simon Gagné in neutral zone.
8:00 of 1st period - Ladislav Nagy is hit by Dion Phaneuf.
8:14 of 1st period - Jordan Leopold is hit by Steven Stamkos and loses puck.
8:29 of 1st period - Backhand shot by Ladislav Nagy.
8:29 of 1st period - Stopped by Josh Tordjman with a rebound.
8:31 of 1st period - Snap shot by Ladislav Nagy.
8:31 of 1st period - Stopped by Josh Tordjman with a rebound.
8:33 of 1st period - Slapshot by Brandon Sutter.
8:33 of 1st period - Stopped by Josh Tordjman without a rebound.
8:34 of 1st period - Sam Gagner wins face-off versus Ryan O'Reilly in Penguins zone.
8:39 of 1st period - Ole-Kristian Tollefsen is hit by Simon Gagné and loses puck.
8:48 of 1st period - Luke Schenn is hit by Zach Bogosian.
9:18 of 1st period - Minor Penalty to Duncan Keith for Cross-checking.
9:19 of 1st period - Brayden Schenn wins face-off versus J.T. Miller in Penguins zone.
9:23 of 1st period - Slapshot by Dion Phaneuf.
9:23 of 1st period - Shot Blocked by Matt Irwin.
9:25 of 1st period - Slapshot by Sean Zimmerman.
9:25 of 1st period - Shot Blocked by Jason Pominville.
9:27 of 1st period - Wrist shot by Brayden Schenn.
9:27 of 1st period - Shot Misses the Net.
9:29 of 1st period - Slapshot by Dion Phaneuf.
9:29 of 1st period - Deflect By Evander Kane.
9:29 of 1st period - Stopped by Robin Lehner without a rebound.
9:30 of 1st period - Brayden Schenn wins face-off versus J.T. Miller in Sabres zone.
9:40 of 1st period - Brayden Schenn is hit by Matt Irwin and loses puck.
9:45 of 1st period - Snap shot by Jason Pominville.
9:45 of 1st period - Shot Misses the Net.
11:02 of 1st period - Zack Kassian is hit by Derek Joslin and loses puck.
11:09 of 1st period - Ryan O'Reilly is hit by Luke Schenn and loses puck.
11:18 of 1st period - Penalty to Duncan Keith is over, Duncan Keith is back on ice.
11:40 of 1st period - Icing by Zach Bogosian.
11:41 of 1st period - Brandon Sutter wins face-off versus Josef Vasicek in Sabres zone.
11:58 of 1st period - Eric Gryba is hit by Jason Pominville and loses puck.
12:32 of 1st period - Slapshot by Nikita Alexeev.
12:32 of 1st period - Stopped by Robin Lehner with a rebound.
12:34 of 1st period - Wrist shot by Derek Joslin.
12:34 of 1st period - Stopped by Robin Lehner without a rebound.
12:35 of 1st period - Sam Gagner wins face-off versus Ryan O'Reilly in Sabres zone.
12:43 of 1st period - Icing by Jordan Leopold.
12:44 of 1st period - Ryan O'Reilly wins face-off versus Sam Gagner in Sabres zone.
13:07 of 1st period - Wrist shot by Evander Kane.
13:07 of 1st period - Shot Blocked by Sean Zimmerman.
13:39 of 1st period - Slapshot by Evander Kane.
13:39 of 1st period - Shot Blocked by Dion Phaneuf.
14:09 of 1st period - Backhand shot by Sam Gagner.
14:09 of 1st period - Shot Misses the Net.
14:11 of 1st period - Backhand shot by Sean Zimmerman.
14:11 of 1st period - Shot Misses the Net.
14:15 of 1st period - Backhand shot by Sam Gagner.
14:15 of 1st period - Stopped by Robin Lehner without a rebound.
14:16 of 1st period - Brandon Sutter wins face-off versus Steven Stamkos in Sabres zone.
14:27 of 1st period - Snap shot by Ladislav Nagy.
14:27 of 1st period - Stopped by Josh Tordjman with a rebound.
14:41 of 1st period - Michael Haley is hit by Brayden Schenn and loses puck.
15:06 of 1st period - Wrist shot by Josef Vasicek.
15:06 of 1st period - Stopped by Robin Lehner without a rebound.
15:07 of 1st period - J.T. Miller wins face-off versus Josef Vasicek in Sabres zone.
15:07 of 1st period - J.T. Miller is hit by Nikita Alexeev.
15:27 of 1st period - Rob Scuderi is hit by Josef Vasicek and loses puck.
15:34 of 1st period - Steve Sullivan is hit by Andrew Cogliano and loses puck.
16:33 of 1st period - Wrist shot by Andrew Cogliano.
16:33 of 1st period - Deflect By Jason Pominville.
16:33 of 1st period - Shot Misses the Net.
16:33 of 1st period - Puck is out of play.
16:34 of 1st period - Bobby Ryan wins face-off versus Brandon Sutter in Penguins zone.
17:01 of 1st period - Sean Zimmerman is hit by Evander Kane.
17:07 of 1st period - Wrist shot by Evander Kane.
17:07 of 1st period - Shot Misses the Net.
17:09 of 1st period - Snap shot by Jaromir Jagr.
17:09 of 1st period - Deflect By Evander Kane.
17:09 of 1st period - Goal by Evander Kane - Sabres : 1 - Penguins : 1.
17:10 of 1st period - Steven Stamkos wins face-off versus Ladislav Nagy in neutral zone.
17:13 of 1st period - Wrist shot by Steven Stamkos.
17:13 of 1st period - Shot Misses the Net.
17:42 of 1st period - Snap shot by Zack Kassian.
17:42 of 1st period - Shot Misses the Net.
17:44 of 1st period - Slapshot by Patrice Cormier.
17:44 of 1st period - Shot Blocked by Duncan Keith.
17:46 of 1st period - Snap shot by Ole-Kristian Tollefsen.
17:46 of 1st period - Stopped by Josh Tordjman without a rebound.
17:47 of 1st period - Ryan O'Reilly wins face-off versus Steven Stamkos in Penguins zone.
Goals for this period are 1 for Sabres vs 1 for Penguins.
Shots for this period are 10 for Sabres vs 12 for Penguins.

2nd period


0:01 of 2nd period - Steven Stamkos wins face-off versus Ryan O'Reilly in neutral zone.
0:01 of 2nd period - Bobby Ryan is hit by Zach Bogosian and loses puck.
0:14 of 2nd period - Snap shot by Evander Kane.
0:14 of 2nd period - Shot Misses the Net.
0:16 of 2nd period - Slapshot by Ole-Kristian Tollefsen.
0:16 of 2nd period - Shot Misses the Net.
0:26 of 2nd period - Ladislav Nagy is hit by Nathan Horton and loses puck.
0:31 of 2nd period - Snap shot by Sam Gagner.
0:31 of 2nd period - Shot Blocked by Zach Bogosian.
0:33 of 2nd period - Wrist shot by Nathan Horton.
0:33 of 2nd period - Stopped by Robin Lehner with a rebound.
0:35 of 2nd period - Wrist shot by Simon Gagné.
0:35 of 2nd period - Shot Misses the Net.
0:37 of 2nd period - Wrist shot by Duncan Keith.
0:37 of 2nd period - Shot Hit the Post.
0:49 of 2nd period - Snap shot by Jason Pominville.
0:49 of 2nd period - Stopped by Josh Tordjman with a rebound.
0:51 of 2nd period - Snap shot by Zach Bogosian.
0:51 of 2nd period - Shot Misses the Net.
0:53 of 2nd period - Snap shot by J.T. Miller.
0:53 of 2nd period - Shot Misses the Net.
0:55 of 2nd period - Wrist shot by J.T. Miller.
0:55 of 2nd period - Stopped by Josh Tordjman with a rebound.
0:57 of 2nd period - Wrist shot by J.T. Miller.
0:57 of 2nd period - Shot Misses the Net.
1:07 of 2nd period - Michael Haley is hit by Steve Sullivan and loses puck.
1:55 of 2nd period - Slapshot by Nikita Alexeev.
1:55 of 2nd period - Shot Misses the Net.
1:57 of 2nd period - Slapshot by Sean Zimmerman.
1:57 of 2nd period - Shot Blocked by Rob Scuderi.
2:31 of 2nd period - Slapshot by Dion Phaneuf.
2:31 of 2nd period - Shot Misses the Net.
2:47 of 2nd period - Snap shot by Nikita Alexeev.
2:47 of 2nd period - Stopped by Robin Lehner with a rebound.
2:57 of 2nd period - Slapshot by Josef Vasicek.
2:57 of 2nd period - Deflect By Steve Sullivan.
2:57 of 2nd period - Shot Blocked by Randy Jones.
2:57 of 2nd period - Puck is out of play.
2:58 of 2nd period - Steven Stamkos wins face-off versus Brandon Sutter in Sabres zone.
2:59 of 2nd period - Slapshot by Bobby Ryan.
2:59 of 2nd period - Stopped by Robin Lehner with a rebound.
3:04 of 2nd period - Off-side.
3:05 of 2nd period - Steven Stamkos wins face-off versus Brandon Sutter in neutral zone.
3:33 of 2nd period - Slapshot by Zach Bogosian.
3:33 of 2nd period - Stopped by Josh Tordjman with a rebound.
3:35 of 2nd period - Slapshot by Andrew Cogliano.
3:35 of 2nd period - Stopped by Josh Tordjman without a rebound.
3:36 of 2nd period - J.T. Miller wins face-off versus Sam Gagner in Penguins zone.
3:39 of 2nd period - Snap shot by Andrew Cogliano.
3:39 of 2nd period - Shot Misses the Net.
4:20 of 2nd period - Icing by Eric Gryba.
4:21 of 2nd period - J.T. Miller wins face-off versus Steven Stamkos in Penguins zone.
4:36 of 2nd period - Wrist shot by Jason Pominville.
4:36 of 2nd period - Shot Blocked by Steven Stamkos.
5:38 of 2nd period - Off-side.
5:39 of 2nd period - Jason Pominville wins face-off versus Sam Gagner in neutral zone.
5:53 of 2nd period - Wrist shot by Andrew Cogliano.
5:53 of 2nd period - Deflect By Jason Pominville.
5:53 of 2nd period - Stopped by Josh Tordjman with a rebound.
6:24 of 2nd period - Wrist shot by Zack Kassian.
6:24 of 2nd period - Shot Blocked by Duncan Keith.
6:30 of 2nd period - Rob Scuderi is hit by Nikita Alexeev.
6:34 of 2nd period - Snap shot by Ole-Kristian Tollefsen.
6:34 of 2nd period - Stopped by Josh Tordjman without a rebound.
6:35 of 2nd period - J.T. Miller wins face-off versus Steven Stamkos in Penguins zone.
6:44 of 2nd period - Wrist shot by Andrew Cogliano.
6:44 of 2nd period - Shot Misses the Net.
7:31 of 2nd period - Ryan O'Reilly is hit by Luke Schenn and loses puck.
8:04 of 2nd period - Wrist shot by Sam Gagner.
8:04 of 2nd period - Stopped by Robin Lehner with a rebound.
8:52 of 2nd period - Backhand shot by Sam Gagner.
8:52 of 2nd period - Shot Misses the Net.
8:54 of 2nd period - Slapshot by Duncan Keith.
8:54 of 2nd period - Stopped by Robin Lehner without a rebound.
8:55 of 2nd period - Steven Stamkos wins face-off versus Brandon Sutter in Sabres zone.
9:43 of 2nd period - Wrist shot by Jason Pominville.
9:43 of 2nd period - Deflect By J.T. Miller.
9:43 of 2nd period - Shot Misses the Net.
9:43 of 2nd period - Puck is out of play.
9:44 of 2nd period - Josef Vasicek wins face-off versus J.T. Miller in Penguins zone.
9:51 of 2nd period - Jason Pominville is hit by Nikita Alexeev and loses puck.
10:26 of 2nd period - Icing by Josef Vasicek.
10:27 of 2nd period - Brandon Sutter wins face-off versus Josef Vasicek in Penguins zone.
10:43 of 2nd period - Wrist shot by Rob Scuderi.
10:43 of 2nd period - Shot Blocked by Dion Phaneuf.
12:25 of 2nd period - Nathan Horton is hit by Ole-Kristian Tollefsen and loses puck.
12:29 of 2nd period - Icing by Eric Gryba.
12:30 of 2nd period - Sam Gagner wins face-off versus Ryan O'Reilly in Penguins zone.
13:35 of 2nd period - Snap shot by Nikita Alexeev.
13:35 of 2nd period - Shot Misses the Net.
14:26 of 2nd period - Icing by Brayden Schenn.
14:27 of 2nd period - Steven Stamkos wins face-off versus J.T. Miller in Penguins zone.
14:36 of 2nd period - Snap shot by Jason Pominville.
14:36 of 2nd period - Shot Misses the Net.
14:38 of 2nd period - Snap shot by J.T. Miller.
14:38 of 2nd period - Stopped by Josh Tordjman with a rebound.
14:40 of 2nd period - Slapshot by Ole-Kristian Tollefsen.
14:40 of 2nd period - Shot Misses the Net.
14:42 of 2nd period - Slapshot by Ole-Kristian Tollefsen.
14:42 of 2nd period - Stopped by Josh Tordjman with a rebound.
14:54 of 2nd period - Snap shot by Ryan O'Reilly.
14:54 of 2nd period - Shot Blocked by Sean Zimmerman.
15:34 of 2nd period - Snap shot by Steven Stamkos.
15:34 of 2nd period - Shot Misses the Net.
15:36 of 2nd period - Slapshot by Dion Phaneuf.
15:36 of 2nd period - Deflect By Bobby Ryan.
15:36 of 2nd period - Shot Blocked by Jordan Leopold.
15:36 of 2nd period - Puck is out of play.
15:37 of 2nd period - Brayden Schenn wins face-off versus Brandon Sutter in Sabres zone.
15:40 of 2nd period - Snap shot by Dustin Penner.
15:40 of 2nd period - Goal by Dustin Penner - Sabres : 1 - Penguins : 2.
15:41 of 2nd period - Brayden Schenn wins face-off versus Brandon Sutter in neutral zone.
15:44 of 2nd period - Snap shot by Dustin Penner.
15:44 of 2nd period - Stopped by Robin Lehner without a rebound.
15:45 of 2nd period - Brandon Sutter wins face-off versus Brayden Schenn in Sabres zone.
15:54 of 2nd period - Wrist shot by Brandon Sutter.
15:54 of 2nd period - Stopped by Josh Tordjman with a rebound.
15:56 of 2nd period - Slapshot by Ladislav Nagy.
15:56 of 2nd period - Goal by Ladislav Nagy - Sabres : 2 - Penguins : 2.
15:57 of 2nd period - Steven Stamkos wins face-off versus J.T. Miller in neutral zone.
16:04 of 2nd period - Slapshot by Bobby Ryan.
16:04 of 2nd period - Stopped by Robin Lehner with a rebound.
16:06 of 2nd period - Slapshot by Max Pacioretty.
16:06 of 2nd period - Stopped by Robin Lehner with a rebound.
16:08 of 2nd period - Slapshot by Duncan Keith.
16:08 of 2nd period - Deflect By Ole-Kristian Tollefsen.
16:08 of 2nd period - Stopped by Robin Lehner with a rebound.
16:24 of 2nd period - Nathan Horton is hit by Brandon Sutter and loses puck.
16:30 of 2nd period - Icing by Sam Gagner.
16:31 of 2nd period - Sam Gagner wins face-off versus Brandon Sutter in Penguins zone.
16:48 of 2nd period - Snap shot by Enver Lisin.
16:48 of 2nd period - Stopped by Josh Tordjman with a rebound.
16:50 of 2nd period - Snap shot by Enver Lisin.
16:50 of 2nd period - Stopped by Josh Tordjman with a rebound.
16:52 of 2nd period - Slapshot by Matt Irwin.
16:52 of 2nd period - Stopped by Josh Tordjman with a rebound.
16:54 of 2nd period - Wrist shot by Brandon Sutter.
16:54 of 2nd period - Shot Misses the Net.
16:56 of 2nd period - Slapshot by Rob Scuderi.
16:56 of 2nd period - Deflect By Enver Lisin.
16:56 of 2nd period - Shot Misses the Net.
16:56 of 2nd period - Puck is out of play.
16:57 of 2nd period - Steven Stamkos wins face-off versus Andrew Cogliano in Penguins zone.
17:12 of 2nd period - Slapshot by Ole-Kristian Tollefsen.
17:12 of 2nd period - Stopped by Josh Tordjman with a rebound.
17:28 of 2nd period - Wrist shot by Zack Kassian.
17:28 of 2nd period - Shot Misses the Net.
18:11 of 2nd period - Wrist shot by Evander Kane.
18:11 of 2nd period - Deflect By Jaromir Jagr.
18:11 of 2nd period - Shot Misses the Net.
18:11 of 2nd period - Puck is out of play.
18:12 of 2nd period - Steven Stamkos wins face-off versus Ryan O'Reilly in Penguins zone.
18:29 of 2nd period - Snap shot by Jaromir Jagr.
18:29 of 2nd period - Shot Misses the Net.
18:31 of 2nd period - Slapshot by Jordan Leopold.
18:31 of 2nd period - Stopped by Josh Tordjman with a rebound.
18:47 of 2nd period - Backhand shot by Ryan O'Reilly.
18:47 of 2nd period - Stopped by Josh Tordjman with a rebound.
18:49 of 2nd period - Slapshot by Matt Irwin.
18:49 of 2nd period - Deflect By Evander Kane.
18:49 of 2nd period - Stopped by Josh Tordjman without a rebound.
18:50 of 2nd period - Brayden Schenn wins face-off versus J.T. Miller in Penguins zone.
18:57 of 2nd period - Slapshot by Andrew Cogliano.
18:57 of 2nd period - Stopped by Josh Tordjman with a rebound.
18:59 of 2nd period - Backhand shot by Jason Pominville.
18:59 of 2nd period - Shot Misses the Net.
19:01 of 2nd period - Wrist shot by Jason Pominville.
19:01 of 2nd period - Stopped by Josh Tordjman with a rebound.
19:03 of 2nd period - Slapshot by Randy Jones.
19:03 of 2nd period - Shot Blocked by Brian McGrattan.
19:20 of 2nd period - Wrist shot by Sam Gagner.
19:20 of 2nd period - Deflect By Nathan Horton.
19:20 of 2nd period - Shot Misses the Net.
19:20 of 2nd period - Puck is out of play.
19:21 of 2nd period - Steven Stamkos wins face-off versus Brandon Sutter in Sabres zone.
19:44 of 2nd period - Minor Penalty to Enver Lisin for Hooking.
19:45 of 2nd period - Brandon Sutter wins face-off versus Steven Stamkos in Sabres zone.
Goals for this period are 1 for Sabres vs 1 for Penguins.
Shots for this period are 19 for Sabres vs 10 for Penguins.

3rd period


0:01 of 3rd period - Brandon Sutter wins face-off versus Steven Stamkos in neutral zone.
0:14 of 3rd period - Wrist shot by Andrew Cogliano.
0:14 of 3rd period - Stopped by Josh Tordjman without a rebound.
0:15 of 3rd period - Brandon Sutter wins face-off versus Steven Stamkos in Penguins zone.
0:48 of 3rd period - Wrist shot by Sam Gagner.
0:48 of 3rd period - Stopped by Robin Lehner without a rebound.
0:49 of 3rd period - Sam Gagner wins face-off versus Brandon Sutter in Sabres zone.
1:14 of 3rd period - Luke Schenn is hit by Jason Pominville and loses puck.
1:19 of 3rd period - Wrist shot by Patrice Cormier.
1:19 of 3rd period - Goal by Patrice Cormier - Sabres : 3 - Penguins : 2.
1:20 of 3rd period - Steven Stamkos wins face-off versus Brandon Sutter in neutral zone.
1:44 of 3rd period - Penalty to Enver Lisin is over, Enver Lisin is back on ice.
1:47 of 3rd period - Enver Lisin is hit by Sean Zimmerman.
1:51 of 3rd period - Slapshot by Enver Lisin.
1:51 of 3rd period - Goal by Enver Lisin - Sabres : 4 - Penguins : 2.
1:52 of 3rd period - Steven Stamkos wins face-off versus Ryan O'Reilly in neutral zone.
2:17 of 3rd period - Bobby Ryan is hit by Zach Bogosian and loses puck.
2:26 of 3rd period - Wrist shot by Enver Lisin.
2:26 of 3rd period - Deflect By Ladislav Nagy.
2:26 of 3rd period - Shot Misses the Net.
2:26 of 3rd period - Puck is out of play.
2:27 of 3rd period - J.T. Miller wins face-off versus Sam Gagner in Penguins zone.
2:38 of 3rd period - Snap shot by Andrew Cogliano.
2:38 of 3rd period - Stopped by Josh Tordjman with a rebound.
3:02 of 3rd period - Snap shot by Enver Lisin.
3:02 of 3rd period - Stopped by Josh Tordjman with a rebound.
3:14 of 3rd period - Jaromir Jagr is hit by Josef Vasicek and loses puck.
3:21 of 3rd period - Steve Sullivan is hit by Ryan O'Reilly and loses puck.
4:16 of 3rd period - Ole-Kristian Tollefsen is hit by Brayden Schenn and loses puck.
4:36 of 3rd period - Off-side.
4:37 of 3rd period - Josef Vasicek wins face-off versus Ryan O'Reilly in neutral zone.
4:46 of 3rd period - Snap shot by Nikita Alexeev.
4:46 of 3rd period - Stopped by Robin Lehner without a rebound.
4:47 of 3rd period - J.T. Miller wins face-off versus Steven Stamkos in Sabres zone.
5:21 of 3rd period - Snap shot by Ladislav Nagy.
5:21 of 3rd period - Stopped by Josh Tordjman without a rebound.
5:22 of 3rd period - J.T. Miller wins face-off versus Sam Gagner in Penguins zone.
5:54 of 3rd period - Wrist shot by Steven Stamkos.
5:54 of 3rd period - Stopped by Robin Lehner without a rebound.
5:55 of 3rd period - Steven Stamkos wins face-off versus Patrice Cormier in Sabres zone.
6:04 of 3rd period - Slapshot by Steven Stamkos.
6:04 of 3rd period - Shot Blocked by Ole-Kristian Tollefsen.
6:20 of 3rd period - Jason Pominville is hit by Sam Gagner.
6:42 of 3rd period - Slapshot by Dustin Penner.
6:42 of 3rd period - Stopped by Robin Lehner with a rebound.
6:44 of 3rd period - Wrist shot by Dion Phaneuf.
6:44 of 3rd period - Shot Misses the Net.
6:49 of 3rd period - Slapshot by Sean Zimmerman.
6:49 of 3rd period - Deflect By Evander Kane.
6:49 of 3rd period - Stopped by Robin Lehner without a rebound.
6:50 of 3rd period - J.T. Miller wins face-off versus Max Pacioretty in Sabres zone.
7:21 of 3rd period - Slapshot by Zach Bogosian.
7:21 of 3rd period - Stopped by Josh Tordjman without a rebound.
7:22 of 3rd period - Sam Gagner wins face-off versus Enver Lisin in Penguins zone.
7:43 of 3rd period - Randy Jones is hit by Luke Schenn and loses puck.
8:04 of 3rd period - Wrist shot by Dustin Penner.
8:04 of 3rd period - Shot Misses the Net.
8:06 of 3rd period - Wrist shot by Brayden Schenn.
8:06 of 3rd period - Deflect By Enver Lisin.
8:06 of 3rd period - Shot Blocked by Jordan Leopold.
8:06 of 3rd period - Puck is out of play.
8:07 of 3rd period - Steven Stamkos wins face-off versus J.T. Miller in Sabres zone.
8:10 of 3rd period - Snap shot by Bobby Ryan.
8:10 of 3rd period - Stopped by Robin Lehner without a rebound.
8:11 of 3rd period - Steven Stamkos wins face-off versus J.T. Miller in Sabres zone.
10:07 of 3rd period - Minor Penalty to Jordan Leopold for Tripping.
10:08 of 3rd period - Brandon Sutter wins face-off versus Steven Stamkos in Sabres zone.
10:24 of 3rd period - Snap shot by Bobby Ryan.
10:24 of 3rd period - Shot Blocked by Randy Jones.
12:07 of 3rd period - Penalty to Jordan Leopold is over, Jordan Leopold is back on ice.
12:34 of 3rd period - Snap shot by Jordan Leopold.
12:34 of 3rd period - Stopped by Josh Tordjman with a rebound.
12:52 of 3rd period - Slapshot by Ole-Kristian Tollefsen.
12:52 of 3rd period - Deflect By Brian McGrattan.
12:52 of 3rd period - Stopped by Josh Tordjman without a rebound.
12:53 of 3rd period - Brayden Schenn wins face-off versus Patrice Cormier in Penguins zone.
13:17 of 3rd period - Off-side.
13:18 of 3rd period - Steven Stamkos wins face-off versus Ryan O'Reilly in neutral zone.
13:20 of 3rd period - Off-side.
13:21 of 3rd period - Ryan O'Reilly wins face-off versus Steven Stamkos in neutral zone.
13:26 of 3rd period - Backhand shot by Evander Kane.
13:26 of 3rd period - Shot Misses the Net.
13:28 of 3rd period - Slapshot by Randy Jones.
13:28 of 3rd period - Shot Blocked by Steven Stamkos.
13:30 of 3rd period - Snap shot by Jaromir Jagr.
13:30 of 3rd period - Shot Misses the Net.
13:36 of 3rd period - Snap shot by Evander Kane.
13:36 of 3rd period - Stopped by Josh Tordjman with a rebound.
13:38 of 3rd period - Slapshot by Randy Jones.
13:38 of 3rd period - Stopped by Josh Tordjman without a rebound.
13:39 of 3rd period - J.T. Miller wins face-off versus Sam Gagner in Penguins zone.
14:17 of 3rd period - Ole-Kristian Tollefsen is hit by Dion Phaneuf and loses puck.
14:30 of 3rd period - Matt Irwin is hit by Brayden Schenn and loses puck.
15:09 of 3rd period - Wrist shot by Josef Vasicek.
15:09 of 3rd period - Shot Blocked by Randy Jones.
15:11 of 3rd period - Wrist shot by Nikita Alexeev.
15:11 of 3rd period - Shot Misses the Net.
15:13 of 3rd period - Slapshot by Nikita Alexeev.
15:13 of 3rd period - Goal by Nikita Alexeev - Sabres : 4 - Penguins : 3.
15:14 of 3rd period - Brayden Schenn wins face-off versus Brandon Sutter in neutral zone.
15:25 of 3rd period - Backhand shot by Brian McGrattan.
15:25 of 3rd period - Stopped by Robin Lehner without a rebound.
15:26 of 3rd period - Brandon Sutter wins face-off versus Brayden Schenn in Sabres zone.
16:14 of 3rd period - Bobby Ryan is hit by Michael Haley.
16:23 of 3rd period - Off-side.
16:24 of 3rd period - Brandon Sutter wins face-off versus Steven Stamkos in neutral zone.
16:37 of 3rd period - Snap shot by Steven Stamkos.
16:37 of 3rd period - Stopped by Robin Lehner without a rebound.
16:38 of 3rd period - Steven Stamkos wins face-off versus Michael Haley in Sabres zone.
17:09 of 3rd period - Simon Gagné is hit by Michael Haley and loses puck.
17:42 of 3rd period - Wrist shot by Zack Kassian.
17:42 of 3rd period - Shot Blocked by Derek Joslin.
17:46 of 3rd period - Snap shot by Zack Kassian.
17:46 of 3rd period - Stopped by Josh Tordjman without a rebound.
17:47 of 3rd period - Brandon Sutter wins face-off versus Brayden Schenn in Penguins zone.
17:58 of 3rd period - Snap shot by Enver Lisin.
17:58 of 3rd period - Shot Blocked by Duncan Keith.
18:00 of 3rd period - Slapshot by Rob Scuderi.
18:00 of 3rd period - Shot Blocked by Luke Schenn.
18:37 of 3rd period - Sam Gagner is hit by Evander Kane and loses puck.
19:00 of 3rd period - Penguins, Josh Tordjman is pulled from the net.
19:14 of 3rd period - Snap shot by Bobby Ryan.
19:14 of 3rd period - Shot Blocked by Randy Jones.
19:16 of 3rd period - Snap shot by Steven Stamkos.
19:16 of 3rd period - Stopped by Robin Lehner without a rebound.
19:17 of 3rd period - Bryan Murray call a timeout for Penguins.
19:17 of 3rd period - Steven Stamkos wins face-off versus Brandon Sutter in Sabres zone.
19:20 of 3rd period - Wrist shot by Bobby Ryan.
19:20 of 3rd period - Shot Blocked by Ole-Kristian Tollefsen.
19:22 of 3rd period - Snap shot by Bobby Ryan.
19:22 of 3rd period - Stopped by Robin Lehner without a rebound.
19:23 of 3rd period - Steven Stamkos wins face-off versus Jason Pominville in Sabres zone.
19:28 of 3rd period - Wrist shot by Max Pacioretty.
19:28 of 3rd period - Stopped by Robin Lehner without a rebound.
19:29 of 3rd period - Steven Stamkos wins face-off versus Brandon Sutter in Sabres zone.
Goals for this period are 2 for Sabres vs 1 for Penguins.
Shots for this period are 12 for Sabres vs 12 for Penguins.